 Adventure DCSS version bcrawl-1.32 (webtiles) character file.

Game seed: 8597914839131516395

334453 Leeroy the Fencer (level 13, -9/83 (84) HPs)
             Began as a Skeleton Skald on Aug 2, 2021.
             Was a High Priest of Vehumet.
             Shot with an arrow by a centaur warrior (11 damage)
             ... on level 1 of the Vaults.
             The game lasted 01:14:32 (20626 turns).

Leeroy the Fencer (Skeleton Skald)                 Turns: 20626, Time: 01:14:33

HP:   -9/83 (84)    AC: 20    Str: 19      XL:     13   Next: 31%
MP:   0/31          EV: 16    Int: 10 (12) God:    Vehumet [*****.]
Gold: 370           SH:  5    Dex: 17      Spells: 4/40 levels left
                                        Lives: 0   Deaths: 2

rFire    . . .     SeeInvis +   R - +5 great sword (elec)
rCold    + + .     Gourm    .   (shield currently unavailable)
rNeg     + + +     Faith    .   x - +3 plate armour {rC+}
rPois    ∞         Spirit   +   y - +0 helmet of Buqoiphy {rElec Regen+ Dex+5 SInv}
rElec    +         Reflect  .   D - +0 cloak
rCorr    .         Harm     .   H - +0 pair of gloves
MR       +....                  (no boots)
Stlth    ..........             r - amulet of magic regeneration
HPRegen  0.63/turn              g - ring of wizardry
MPRegen  0.47/turn              m - +4 ring of evasion

@: no status effects
A: no food or potions, cold resistance 1, deterioration 1, negative energy
resistance 3, powered by death 1, torment resistance, unbreathing, magic shield,
sturdy frame 2, spell healing
a: Renounce Religion


You were on level 1 of the Vaults.
You worshipped Vehumet.
Vehumet was extremely pleased with you.
You were not hungry.

You visited 6 branches of the dungeon, and saw 19 of its levels.
You visited 1 bazaar.
You also visited: Sewer.

You collected 1574 gold pieces.
You spent 1204 gold pieces at shops.

Inventory:

Hand Weapons
 b - a +0 long sword of slicing
 o - a +0 scimitar
 p - the +4 rapier "Berghia" {antimagic, rPois Str+2}
   (You bought it in a shop in the Orcish Mines)

   It reduces the magical energy of the wielder, and disrupts the spells and
   magical abilities of those hit.
   Natural abilities and divine invocations are not affected.
   It affects your strength (+2).
   It protects you from poison.
 C - the +6 arbalest "Damnation" {hellfire, *Curse}
   (You found it on level 6 of the Dungeon)

   It curses itself when equipped.
 E - a +2 short sword of electrocution
 G - a +2 dagger of venom
 J - a +1 dagger of electrocution
 K - a +4 scimitar of flaming
 O - a +1 whip of draining
 R - a +5 great sword of electrocution (weapon)
 S - a +2 long sword of draining
Missiles
 z - 5610 arrows
 P - 1321 bolts
 T - 276 poisoned tomahawks (quivered)
Armour
 a - a +2 robe of magic recovery
 d - a +0 helmet
 h - a +0 plate armour
 k - a +0 ring mail
 n - a +0 large shield
 w - a +0 troll leather armour
 x - a +3 plate armour of cold resistance (worn)
 y - the +0 helmet of Buqoiphy (worn) {rElec Regen+ Dex+5 SInv}
   (You found it on level 1 of the Vaults)

   It affects your dexterity (+5).
   It insulates you from electricity.
   It lets you see invisible.
   It increases your rate of regeneration.
 B - a +1 helmet of see invisible
 D - a +0 cloak (worn)
 F - the +2 ring mail of Imperfection {rElec}
   (You found it on level 6 of the Dungeon)

   It insulates you from electricity.
 H - a +0 pair of gloves (worn)
 U - a +1 buckler of resistance
 V - a +2 leather armour of fire resistance
 Z - a +0 plate armour
Magical Staves
 L - a cursed staff of poison
Jewellery
 g - a ring of wizardry (left hand)
 l - the ring "Ysiebobai" {MR- Dex+6 Stlth--}
   (You took it off a goblin on level 3 of the Dungeon)

   [ring of attention]

   It affects your dexterity (+6).
   It affects your resistance to hostile enchantments.
   It makes you much less stealthy.
 m - a +4 ring of evasion (right hand)
 r - an amulet of magic regeneration (around neck)
 A - a cursed -3 ring of strength
 I - a cursed amulet of regeneration
 X - an uncursed amulet of rage
 Y - an uncursed ring of resist corrosion
Wands
 t - a wand of iceblast (21)
 v - a wand of acid (1)
 Q - a wand of clouds (5)
Scrolls
 c - 6 scrolls of remove curse
 f - 2 scrolls of amnesia
 j - 2 scrolls of vulnerability
 q - 2 scrolls of fog
 u - a scroll of enchant armour
Miscellaneous
 W - a phial of floods (inert)


   Skills:
 - Level 11.3 Fighting
 + Level 15.7 Long Blades
 - Level 5.0 Crossbows
 - Level 7.1 Armour
 - Level 6.5 Dodging
 - Level 14.3 Spellcasting
 - Level 5.2 Conjurations
 - Level 4.6 Hexes
 - Level 5.5 Charms
 - Level 6.7 Fire Magic
 - Level 0.1 Air Magic
 - Level 11.0 Earth Magic


You had 4 spell levels left.
You knew the following spells:

 Your Spells              Type           Power        Failure   Level  Hunger
a - Infusion              Chrm           ###.....     2%          1    N/A
b - Swiftness             Chrm/Air       ##......     12%         2    N/A
c - Song of Slaying       Chrm           ###.....     4%          2    N/A
d - Spectral Weapon       Hex/Chrm       ###.....     10%         3    N/A
e - Ozocubu's Armour      Chrm/Ice       ##......     24%         3    N/A
f - Conjure Flame         Conj/Fire      ###.....     1%          3    N/A
g - Lee's Rapid Deconstr  Erth           ####......   2%          5    N/A
i - Iskenderun's Mystic   Conj           ###.....     2%          3    N/A
j - Fulminant Prism       Conj/Hex       ###.......   9%          4    N/A
k - Irradiate             Conj/Tmut      ##........   45%         5    N/A
l - Fireball              Conj/Fire      ###.......   16%         5    N/A

Your spell library contained the following spells:

 Spells                   Type           Power        Failure   Level  Hunger
 Lightning Bolt           Conj/Air       ##........   45%         5    N/A
 Magic Dart               Conj           ###.         1%          1    N/A
 Searing Ray              Conj           ###.....     1%          2    N/A
 Mephitic Cloud           Conj/Pois/Air  ##......     10%         3    N/A
 Ensorcelled Hibernation  Hex/Ice        ##....       16%         2    N/A
 Blink                    Tloc           N/A          34%         2    N/A
 Call Imp                 Summ           #.....       34%         2    N/A
 Borgnjor's Vile Clutch   Necr/Erth      ###.......   98%         6    N/A
 Darkness                 Hex            ###.......   99%         6    N/A
 Infestation              Hex/Tmut/Pois  ##.......    100%        6    N/A
 Shadow Creatures         Summ           N/A          100%        6    N/A
 Time Stop                Chrm/Tloc      N/A          100%        8    N/A
 Regeneration             Chrm/Necr      Unusable     N/A         3    N/A
 Spider Form              Tmut/Pois      Unusable     N/A         3    N/A

Dungeon Overview and Level Annotations

Branches:
Dungeon (12/12)            Temple (1/1) D:5            Lair (2/6) D:7
    Orc (1/1) D:11            Elf (0/3) Orc          Vaults (2/3) D:12
 Depths (1/5) D:12
  Swamp: Lair:2-4    Shoals: Lair:2-4     Snake: Lair:2-4    Spider: Lair:2-4
  Crypt: Vaults:1-2

Altars:
Ashenzari
Cheibriados
Dithmenos
Elyvilon
Fedhas
Gozag
Hepliaklqana
Kikubaaqudgha
Lugonu
Makhleb
Nemelex Xobeh
Okawaru
Qazlal
Ru
Sif Muna
Trog
Uskayaw
Vehumet
Wu Jian
Xom
Yredelemnul
Zin
The Shining One

Shops:
D:6 [   D:7 !   D:10 (   Orc *[=(   Vaults:1 :

Annotations:
Lair:1 Urug


Innate Abilities, Weirdness & Mutations

You do not eat or drink.
You are immune to poison.
Your flesh is cold resistant. (rC+)
Your body sometimes deteriorates upon taking damage.
You are immune to negative energy. (rN+++)
You regenerate a little health from kills.
You are immune to unholy pain and torment.
You can survive without breathing.
When hurt, damage is shared between your health and your magic reserves.
Your movements are less encumbered by armour. (ER -4)
Casting spells heals you.


Message History

The centaur warrior shoots an arrow.
The arrow hits you.
The vault sentinel blows a loud note on a signal horn!
You hear a shout!
The centaur warrior drinks a potion.
The centaur warrior seems to speed up.
The centaur warrior shoots an arrow.
The arrow closely misses you.
The deep troll shaman barely misses you.
The deep troll shaman claws you! The deep troll shaman misses you.
The centaur warrior zaps a wand.
The bolt of acid misses you.
The centaur warrior zaps a wand.
The bolt of acid hits you!
* * * LOW HITPOINT WARNING * * *
You are splashed with acid!
* * * LOW HITPOINT WARNING * * *
The centaur warrior hits you with a cursed -2 shortbow.
The centaur warrior shoots an arrow.
The arrow hits you!!
* * * LOW HITPOINT WARNING * * *
Your body deteriorates!
You feel dopey.
The centaur warrior shoots an arrow.
The arrow misses you.
The death knight's dark mirror aura disappears.
The centaur warrior shoots an arrow.
The arrow hits you!
You die...

.......# #.......####
.......# #...).......
.......# #...........
.......# #...........
....)..# #...........
.......# #.....######
.......# #.....#.
#'###############.....'.
.........p.pc.T.@.....#.
.............c.(......#..
......................#
......................#
......................#
......................#
...................(..#
################c.....#
#####


You could see a death knight, 3 centaur warriors, a vault sentinel and a deep
troll shaman.

Vanquished Creatures
  2 deep elf sorcerers
  2 orc warlords (Orc)
  A stone giant (Vaults:2)
  2 ironheart preservers
  3 deep elf demonologists
  A deep elf annihilator (Vaults:1)
  An ettin (D:12)
  A fire dragon (Vaults:2)
  3 yaktaur captains
  3 hydras
  Psyche (D:10)
  A shadow wraith (Vaults:1)
  18 centaur warriors
  7 two-headed ogres
  A tengu warrior (D:12)
  A dancing weapon (Vaults:1)
  A deep troll shaman (Vaults:1)
  4 orc high priests (Orc)
  A deep elf knight (Vaults:2)
  3 deep trolls
  2 deep elf archers (Vaults:2)
  An unseen horror (D:9)
  An ironheart convoker (Vaults:1)
  3 orc knights (Orc)
  4 cyclopes
  An orb spider (shapeshifter) (Vaults:1)
  A necromancer (Vaults:1)
  A deep elf mage (Vaults:2)
  6 orc sorcerers (Orc)
  A fire giant skeleton (Vaults:1)
  A vault sentinel (Vaults:2)
  A centaur zombie (D:8)
  2 cane toads
  A gargoyle (D:12)
  3 freezing wraiths (Vaults:1)
  3 komodo dragons
  An efreet (D:12)
  6 yaktaurs
  A wolf spider simulacrum (D:10)
  A queen bee (D:10)
  A hornet (shapeshifter) (D:12)
  5 trolls
  7 slime creatures
  A sphinx simulacrum (Vaults:1)
  5 hippogriffs
  A fire giant simulacrum (Vaults:1)
  20 yaks
  A shadow (D:11)
  A wyvern (Lair:1)
  A steam dragon (D:7)
  Grum (D:8)
  6 wargs
  2 crocodiles
  4 water moccasins
  4 sky beasts
  3 porcupines
  26 orc warriors
  3 ice beasts
  A phantom (D:6)
  A black bear (D:9)
  3 eyes of draining
  12 ogres
  7 boggarts (Vaults:1)
  8 wolves
  17 centaurs
  8 bullfrogs
  3 big kobolds
  A deep troll simulacrum (Vaults:1)
  3 scorpions
  16 killer bees
  3 electric eels (D:12)
  4 howler monkeys
  5 crimson imps
  A bullfrog zombie (D:9)
  A quasit (D:5)
  6 jellies
  7 orc priests
  A bullfrog skeleton (D:7)
  5 centaur skeletons
  8 hounds
  3 iguanas
  15 orc wizards
  7 worker ants
  A hound skeleton (D:9)
  A howler monkey skeleton (D:6)
  12 adders
  4 river rats
  3 shadow imps
  6 oozes
  An adder zombie (D:5)
  2 worms
  An adder skeleton (D:4)
  2 dart slugs
  3 leopard geckos
  71 orcs
  7 ball pythons
  A giant cockroach (D:2)
  3 hobgoblins (D:2)
  18 jackals
  7 quokkas
  9 bats
  4 frilled lizards (D:1)
  5 goblins
  33 kobolds
  25 rats
  3 fungi (Orc)
  2 plants (D:10)
560 creatures vanquished.

Vanquished Creatures (collateral kills)
  An ironheart preserver (Vaults:1)
  A two-headed ogre (D:9)
2 creatures vanquished.

Vanquished Creatures (others)
  A water elemental (D:12)
  14 fulminant prisms
  8 fungi
  4 plants
  17 spectral weapons
44 creatures vanquished.

Grand Total: 606 creatures vanquished

Notes
Turn   | Place    | Note
-------+----------+-------------------------------------------
     0 | D:1      | Leeroy the Skeleton Skald began the quest for the Orb.
     0 | D:1      | Reached XP level 1. HP: 12/12 MP: 4/4
    45 | D:1      | Reached skill level 3 in Long Blades
   186 | D:1      | Reached XP level 2. HP: 17/17 MP: 4/6
   266 | D:1      | Learned a level 2 spell: Swiftness
   269 | D:1      | Learned a level 2 spell: Song of Slaying
   812 | D:1      | Found a bloodstained altar of Trog.
  1335 | D:2      | Reached skill level 4 in Long Blades
  1543 | D:2      | Reached XP level 3. HP: 11/21 MP: 2/7
  2272 | D:3      | Reached skill level 5 in Long Blades
  2272 | D:3      | Reached XP level 4. HP: 19/26 MP: 3/8
  2429 | D:3      | Learned a level 3 spell: Spectral Weapon
  2505 | D:3      | Reached skill level 6 in Long Blades
  2520 | D:3      | Identified the cursed ring "Ysiebobai" {MR- Dex+6 Stlth--}
  2526 | D:3      | Reached XP level 5. HP: 30/30 MP: 9/9
  2764 | D:3      | Found an opulent altar of Gozag.
  3089 | D:4      | Noticed an ogre
  3095 | D:4      | Reached skill level 7 in Long Blades
  3101 | D:4      | Killed an ogre
  3102 | D:4      | Gained mutation: You regenerate a little health from kills.
                  | [Skeleton growth]
  3102 | D:4      | Reached XP level 6. HP: 23/35 MP: 5/10
  3205 | D:4      | Reached skill level 8 in Long Blades
  3486 | D:4      | Found a glowing drain.
  3493 | Sewer    | Entered a sewer
  3718 | Sewer    | Reached skill level 9 in Long Blades
  3809 | Sewer    | Reached XP level 7. HP: 36/40 MP: 9/11
  4379 | D:4      | Learned a level 3 spell: Ozocubu's Armour
  4380 | D:5      | Entered Level 5 of the Dungeon
  4547 | D:5      | Reached skill level 10 in Long Blades
  4836 | D:5      | Found a staircase to the Ecumenical Temple.
  4887 | Temple   | Entered the Ecumenical Temple
  5199 | Temple   | Became a worshipper of Vehumet
  5669 | D:6      | Reached skill level 11 in Long Blades
  5735 | D:6      | Reached XP level 8. HP: 25/44 MP: 4/14
  5812 | D:6      | Reached skill level 5 in Spellcasting
  5867 | D:6      | Found a white marble altar of Elyvilon.
  6266 | D:6      | Found Posydul's Armour Shoppe.
  6272 | D:6      | Bought a +1 helmet of see invisible for 231 gold pieces
  6328 | D:6      | Found the cursed +6 arbalest "Damnation" {hellfire, *Curse}
  6336 | D:6      | Noticed a hippogriff
  6345 | D:6      | Killed a hippogriff
  6555 | D:6      | Learned a level 3 spell: Conjure Flame
  6594 | D:6      | Got a crude ring mail
  7005 | D:7      | Reached skill level 10 in Spellcasting
  7014 | D:7      | Reached XP level 9. HP: 32/48 MP: 14/23
  7037 | D:7      | Reached * piety under Vehumet
  7037 | D:7      | Offered knowledge of Freeze by Vehumet.
  7124 | D:7      | Found a staircase to the Lair.
  7304 | D:7      | Found Jimuulav's Distillery.
  7750 | D:7      | Identified the +2 ring mail of Imperfection {rElec} (You
                  | found it on level 6 of the Dungeon)
  9058 | D:8      | Offered knowledge of Shock by Vehumet.
  9088 | D:8      | Reached ** piety under Vehumet
  9093 | D:8      | Reached skill level 12 in Long Blades
  9136 | D:8      | Gained mutation: Your movements are less encumbered by
                  | armour. (ER -4) [Skeleton growth]
  9136 | D:8      | Reached XP level 10. HP: 47/53 MP: 27/27
  9138 | D:8      | Learned a level 1 spell: Shock
  9325 | D:8      | Noticed a cyan ugly thing
  9326 | D:8      | Noticed a centaur warrior
  9445 | D:7      | Reached skill level 13 in Long Blades
  9459 | Lair:1   | Entered Level 1 of the Lair of Beasts
  9553 | Lair:1   | Noticed a cane toad
  9584 | Lair:1   | Killed a cane toad
  9610 | Lair:1   | Offered knowledge of Inner Flame by Vehumet.
  9611 | Lair:1   | Reached skill level 14 in Long Blades
  9705 | Lair:1   | Learned a level 3 spell: Inner Flame
  9744 | Lair:1   | Noticed Urug
  9812 | Lair:2   | Learned a level 3 spell: Iskenderun's Mystic Blast
  9817 | Lair:2   | Learned a level 4 spell: Fulminant Prism
  9823 | Lair:2   | Learned a level 5 spell: Irradiate
  9835 | Lair:2   | Reached skill level 5 in Dodging
 10007 | Lair:2   | Noticed a cane toad
 10037 | Lair:1   | Noticed a cane toad
 10065 | D:7      | Killed a cane toad
 10066 | D:7      | Reached XP level 11. HP: 8/59 MP: 5/28
 10220 | D:8      | Reached *** piety under Vehumet
 10297 | D:8      | Noticed Grum
 10312 | D:8      | Killed Grum
 10566 | D:8      | Offered knowledge of Ignite Poison by Vehumet.
 10800 | D:8      | Noticed a two-headed ogre
 10818 | D:8      | Killed a two-headed ogre
 10819 | D:8      | Reached skill level 5 in Fighting
 10819 | D:8      | Reached skill level 1 in Conjurations
 10880 | D:8      | Found a basalt altar of Yredelemnul.
 11348 | D:9      | Reached skill level 5 in Conjurations
 11390 | D:9      | Noticed a two-headed ogre
 11415 | D:9      | Killed a two-headed ogre
 11581 | D:9      | Noticed a two-headed ogre
 11589 | D:9      | Killed a two-headed ogre
 11603 | D:9      | Reached **** piety under Vehumet
 11648 | D:9      | Offered knowledge of Fireball by Vehumet.
 11655 | D:9      | Learned a level 5 spell: Fireball
 11728 | D:9      | Reached skill level 5 in Charms
 11729 | D:9      | Noticed a two-headed ogre
 11776 | D:9      | Killed a two-headed ogre
 12063 | D:9      | Killed a centaur warrior
 12207 | D:9      | Noticed an unseen horror
 12225 | D:9      | Killed an unseen horror
 12390 | D:9      | Noticed a centaur warrior
 12397 | D:9      | Killed a centaur warrior
 12398 | D:9      | Reached XP level 12. HP: 49/68 MP: 20/29
 12809 | D:10     | Entered Level 10 of the Dungeon
 12824 | D:10     | Noticed a six-headed hydra
 12827 | D:10     | Killed a six-headed hydra
 12828 | D:10     | Reached skill level 5 in Fire Magic
 13264 | D:10     | Found Iliefif's Antique Weapon Shoppe.
 13273 | D:10     | Bought a runed scimitar for 217 gold pieces
 13275 | D:10     | Bought a runed long sword for 201 gold pieces
 13356 | D:10     | Noticed Psyche
 13363 | D:10     | Killed Psyche
 14322 | D:11     | Noticed a two-headed ogre
 14325 | D:11     | Noticed a centaur warrior
 14329 | D:11     | Killed a two-headed ogre
 14331 | D:11     | Killed a centaur warrior
 14612 | D:11     | Reached skill level 1 in Crossbows
 14684 | D:11     | Reached ***** piety under Vehumet
 14694 | D:11     | Noticed a centaur warrior
 14694 | D:11     | Noticed a two-headed ogre
 14696 | D:11     | Killed a centaur warrior
 14696 | D:11     | Offered knowledge of Lee's Rapid Deconstruction by Vehumet.
 14698 | D:11     | Killed a two-headed ogre
 14702 | D:11     | Reached skill level 5 in Crossbows
 14746 | D:11     | Noticed a centaur warrior
 14749 | D:11     | Killed a centaur warrior
 14789 | D:11     | Noticed a centaur warrior
 14793 | D:11     | Killed a centaur warrior
 14803 | D:11     | Learned a level 5 spell: Lee's Rapid Deconstruction
 14849 | D:11     | Found a staircase to the Orcish Mines.
 15173 | D:11     | Reached skill level 1 in Earth Magic
 15176 | D:11     | Noticed a centaur warrior
 15178 | D:11     | Killed a centaur warrior
 15205 | D:11     | Noticed a centaur warrior
 15208 | D:11     | Killed a centaur warrior
 15209 | D:11     | Reached XP level 13. HP: 54/78 MP: 23/31
 15385 | Orc      | Entered the Orcish Mines
 15406 | Orc      | Reached skill level 5 in Earth Magic
 15412 | Orc      | Found Xyifoeth's General Store.
 15466 | Orc      | Offered knowledge of Venom Bolt by Vehumet.
 15481 | Orc      | Found Jouch's Antique Armour Shop.
 15645 | Orc      | Noticed an orc warlord
 15652 | Orc      | Found a staircase to the Elven Halls.
 15722 | Orc      | Found a flickering gateway to a bazaar.
 15745 | Orc      | Noticed an orc warlord
 15817 | Orc      | Killed an orc warlord
 15856 | Orc      | Found Amelip's Jewellery Emporium.
 15971 | Orc      | Found Nichikuu's Antique Weapon Boutique.
 15979 | Orc      | Bought a glowing great sword for 285 gold pieces
 16136 | Bazaar   | Entered a bazaar
 16140 | Bazaar   | Found Zonivus's Food Boutique.
 16162 | Bazaar   | Found Omat's Antique Weapon Emporium.
 16183 | Bazaar   | Found Lukoett's Book Boutique.
 16203 | Bazaar   | Found Qyigry's Food Shoppe.
 16440 | Orc      | Killed an orc warlord
 16808 | Orc      | Bought a shimmering rapier for 270 gold pieces
 16810 | Orc      | Identified the +4 rapier "Berghia" {antimagic, rPois Str+2}
                  | (You bought it in a shop in the Orcish Mines)
 16883 | D:12     | Entered Level 12 of the Dungeon
 16890 | D:12     | Reached skill level 10 in Earth Magic
 17143 | D:12     | Reached XP level 14. HP: 59/84 MP: 27/32
 17336 | D:12     | Reached skill level 5 in Armour
 17465 | D:12     | Found a gate to the Vaults.
 17818 | D:12     | Found a staircase to the Depths.
 17872 | D:12     | Found a faded altar of an unknown god.
 17874 | D:12     | Found a faded altar of an unknown god.
 17874 | D:12     | Found a faded altar of an unknown god.
 17874 | D:12     | Found a hazy altar of Hepliaklqana.
 17876 | D:12     | Found a faded altar of an unknown god.
 18040 | Depths:1 | Entered Level 1 of the Depths
 18291 | Vaults:1 | Entered Level 1 of the Vaults
 18869 | Vaults:1 | Noticed an ironheart preserver
 18872 | Vaults:1 | Noticed a deep elf sorcerer
 18882 | Vaults:1 | Noticed a cacodemon
 18882 | Vaults:1 | Killed an ironheart preserver
 18891 | Vaults:1 | Killed a deep elf sorcerer
 19009 | Vaults:1 | Noticed an ironheart preserver
 19015 | Vaults:1 | Got a masterwork helmet
 19098 | Vaults:1 | Reached skill level 10 in Fighting
 19128 | Vaults:1 | Killed an ironheart preserver
 19262 | Vaults:1 | Identified the cursed +0 helmet of Buqoiphy {rElec Regen+
                  | Dex+5 SInv} (You found it on level 1 of the Vaults)
 19332 | Vaults:1 | Found Narghum's Book Emporium.
 19427 | Vaults:1 | HP: 4/90 [centaur warrior/arrow (3)]
 19427 | Vaults:1 | HP: 1/90 [centaur warrior/arrow (3)]
 19427 | Vaults:1 | Shot with an arrow by a centaur warrior
 19428 | Vaults:1 | Reached XP level 13. HP: -4/84 MP: 0/31
 19686 | Vaults:1 | Noticed an orc warlord
 19801 | Vaults:2 | Noticed a fire dragon
 20025 | Vaults:2 | Killed a fire dragon
 20082 | Vaults:2 | Noticed a stone giant
 20082 | Vaults:2 | Noticed a deep elf sorcerer
 20101 | Vaults:2 | Killed a stone giant
 20110 | Vaults:2 | Killed a deep elf sorcerer
 20110 | Vaults:2 | Offered knowledge of Lightning Bolt by Vehumet.
 20118 | Vaults:2 | Noticed an ironheart preserver
 20119 | Vaults:2 | Reached XP level 14. HP: 51/90 MP: 27/32
 20131 | Vaults:2 | Killed an ironheart preserver
 20161 | Vaults:2 | Reached skill level 15 in Long Blades
 20297 | Vaults:2 | Noticed an ironheart preserver
 20297 | Vaults:2 | Noticed a vault warden
 20297 | Vaults:2 | Noticed a vault warden
 20297 | Vaults:2 | Noticed an ironheart preserver
 20463 | Vaults:2 | Noticed a fire giant
 20469 | Vaults:2 | HP: 3/90 [fire giant/+2 great sword of flaming (3)]
 20470 | Vaults:2 | Killed from afar by a fire giant
 20471 | Vaults:2 | Reached XP level 13. HP: -8/84 MP: 0/31
 20624 | Vaults:1 | HP: 1/83 [centaur warrior/arrow (13)]
 20626 | Vaults:1 | Shot with an arrow by a centaur warrior

Skill      XL: |  1  2  3  4  5  6  7  8  9 10 11 12 13 14 |
---------------+-------------------------------------------+-----
Long Blades    | 3 4 5 6 7 9 11 12 14 15 | 15.7
Spellcasting   | 4 10 13 14 | 14.3
Dodging        | 6 |  6.5
Fighting       | 5 8 11 | 11.3
Conjurations   | 5 |  5.2
Hexes          | 4 |  4.6
Charms         | 5 |  5.5
Fire Magic     | 4 6 |  6.7
Crossbows      | 5 |  5.0
Earth Magic    | 3 11 | 11.0
Armour         | 3 7 |  7.1
Air Magic      | |  0.1

Action                   |  1- 3 |  4- 6 |  7- 9 | 10-12 | 13-15 || total
-------------------------+-------+-------+-------+-------+-------++-------
Melee: Long sword        |   148 |   269 |   430 |   517 |    26 ||  1390
       Arbalest          |       |       |       |    33 |    11 ||    44
       Great sword       |       |       |       |       |    89 ||    89
       Rapier            |       |       |       |       |    16 ||    16
 Fire: Arbalest          |       |       |       |    96 |   200 ||   296
Throw: Tomahawk          |       |       |       |       |    10 ||    10
 Cast: Infusion          |     3 |       |       |       |       ||     3
       Swiftness         |     1 |       |     3 |     2 |     2 ||     8
       Spectral Weapon   |       |     5 |    36 |    37 |     9 ||    87
       Song of Slaying   |       |     1 |       |       |       ||     1
       Ozocubu's Armour  |       |       |     1 |     4 |     1 ||     6
       Fulminant Prism   |       |       |       |    11 |     3 ||    14
       Irradiate         |       |       |       |    16 |    32 ||    48
       Shock             |       |       |       |     7 |       ||     7
       Iskenderun's Myst |       |       |       |    12 |     4 ||    16
       Conjure Flame     |       |       |       |     3 |     6 ||     9
       Fireball          |       |       |       |     2 |     1 ||     3
       Lee's Rapid Decon |       |       |       |       |     2 ||     2
Evoke: Phantom mirror    |       |       |       |     1 |       ||     1
       Wand              |       |       |       |       |     6 ||     6
       Phial of floods   |       |       |       |       |     2 ||     2
  Use: Scroll            |       |     6 |     4 |     8 |    21 ||    39
 Stab: Distracted        |       |       |     2 |     5 |     1 ||     8
       Sleeping          |       |       |       |     1 |       ||     1
Armor: Leather armour    |    38 |     1 |       |       |       ||    39
       Ring mail         |       |   112 |   132 |   173 |    48 ||   465
       Plate armour      |       |       |       |       |    68 ||    68
Dodge: Dodged            |   109 |   191 |   299 |   587 |   289 ||  1475
Block: Other             |       |    56 |    35 |    62 |    32 ||   185
